 Dungeon Crawl Stone Soup version 0.29.0-13-gc9e81de378 (webtiles) character file.

Game seed: 993410649951223861

5424 nickcage the Severer (level 10, -3/77 HPs)
             Began as a Minotaur Gladiator on Sept 8, 2022.
             Was a Priest of Makhleb.
             Slain by an orc warrior
             ... wielding a +0 halberd
              (13 damage)
             ... on level 9 of the Dungeon.
             The game lasted 00:30:36 (12363 turns).

nickcage the Severer (Minotaur Gladiator)          Turns: 12363, Time: 00:30:36

Health: -3/77      AC: 13    Str: 24    XL:     10   Next: 40%
Magic:  9/9        EV:  4    Int:  5    God:    Makhleb [***...]
Gold:   508        SH:  0    Dex: 11    Spells: 9/9 levels left

rFire   + . .      SeeInvis +   A - +1 broad axe (freeze)
rCold   + . .      Faith    .   G - +0 buckler
rNeg    . . .      Spirit   .   M - +0 chain mail {rF+}
rPois   .          Reflect  .   c - +0 hat
rElec   .          Harm     .   r - +0 cloak
rCorr   .          Rampage  +   (no gloves)
Will    .....                   h - +2 pair of boots {rampage}
Stlth   ..........              (no amulet)
HPRegen 0.22/turn               p - ring of protection from cold
MPRegen 0.11/turn               N - ring of see invisible

@: lethally poisoned (-3 -> -8), held
A: horns 2, retaliatory headbutt
a: Renounce Religion, Minor Destruction, Lesser Servant of Makhleb


You were on level 9 of the Dungeon.
You worshipped Makhleb.
Makhleb was most pleased with you.
You visited 1 branch of the dungeon, and saw 9 of its levels.
You also visited: Ossuary.

You collected 508 gold pieces.

Inventory:

Hand Weapons
 a - a +0 war axe
 w - a +0 battleaxe
 A - a +1 broad axe of freezing (weapon)
Missiles
 d - 6 throwing nets
 e - 3 javelins
 D - 5 boomerangs
 F - 7 poisoned darts (quivered)
Armour
 b - a +0 leather armour
 c - a +0 hat (worn)
 h - a +2 pair of boots of rampaging (worn)
 o - a +0 chain mail
 r - a +0 cloak (worn)
 G - a +0 buckler (worn)
 M - a +0 chain mail of fire resistance (worn)
Jewellery
 l - a +6 ring of intelligence
 p - a ring of protection from cold (left hand)
 y - a ring of fire
 N - a ring of see invisible (right hand)
Wands
 k - a wand of iceblast (12)
 J - a wand of polymorph (6)
Scrolls
 i - 5 scrolls of teleportation
 t - a scroll of identify
 v - 2 scrolls of magic mapping
 L - a scroll of butterflies
Potions
 f - 8 potions of curing
 g - 2 potions of might
 j - a potion of cancellation {unknown}
 n - a potion of haste
 q - 3 potions of lignification
 s - 3 potions of brilliance
 u - 3 potions of magic
 z - 10 potions of degeneration
 B - 3 potions of mutation
 C - 2 potions of heal wounds
 E - 2 potions of invisibility
 H - 2 potions of berserk rage {unknown}
 I - 2 potions of ambrosia
 K - a potion of flight {unknown}


   Skills:
 + Level 3.6 Fighting
 * Level 17.6 Axes
 - Level 2.0 Throwing
 + Level 3.4 Armour
 - Level 3.2 Dodging
 + Level 2.1 Shields


You had 9 spell levels left.
You didn't know any spells.
Your spell library contained the following spells:

 Spells                   Type           Power      Damage    Failure   Level
 Sting                    Tmut/Pois      0%         1d3       99%         1
 Poisonous Vapours        Pois/Air       0%         N/A       100%        2
 Scorch                   Fire           0%         2d5       100%        2
 Flame Wave               Conj/Fire      0%         2d4       100%        4
 Olgreb's Toxic Radiance  Pois           0%         N/A       100%        4
 Summon Cactus Giant      Summ           0%         N/A       100%        6


Dungeon Overview and Level Annotations

Branches:
Dungeon (9/15)             Temple (0/1) D:4            Lair (0/5) D:8
Ossuary (visited)
    Orc: D:9-12

Altars:
Cheibriados
Gozag
Makhleb
Nemelex Xobeh
Qazlal
Ru
Uskayaw
Vehumet
Wu Jian
Yredelemnul
Zin
The Shining One

Annotations:
D:9 Harold


Innate Abilities, Weirdness & Mutations

You have a pair of horns on your head.
You reflexively headbutt those who attack you in melee.


Message History

The orc wizard hits you with a +0 dagger.
The orc warrior hits you from afar with a +0 halberd!
The killer bee stings you but does no damage.
The killer bee stings you!
You struggle against the net.
You feel sick.
The killer bee stings you but does no damage.
The killer bee stings you. The killer bee stings you!
The orc barely misses you. You furiously retaliate!
You headbutt the orc, but do no damage.
The orc wizard hits you but does no damage.
The orc warrior hits you from afar with a +0 halberd.
The killer bee stings you.
* * * LOW HITPOINT WARNING * * *
The killer bee stings you.
* * * LOW HITPOINT WARNING * * *
You are more poisoned.
The killer bee poisons you! The killer bee barely misses you.
You feel better. The killer bee closely misses you. You furiously retaliate!
You headbutt the killer bee.
The killer bee stings you but does no damage.
The killer bee stings you. The orc hits you with a +0 mace.
The orc wizard hits you but does no damage.
The orc warrior hits you from afar with a +0 halberd!
* * * LOW HITPOINT WARNING * * *
The killer bee stings you but does no damage.
The killer bee stings you.
* * * LOW HITPOINT WARNING * * *
The killer bee stings you but does no damage.
Really read the scroll of poison?
The air fills with toxic fumes!
As you read the scroll of poison, it crumbles to dust.
The killer bee stings you.
* * * LOW HITPOINT WARNING * * *
You are poisoned.
The killer bee poisons you! The killer bee barely misses you.
The killer bee stings you but does no damage.
The orc hits you but does no damage.
The orc wizard hits you but does no damage.
The orc warrior hits you from afar with a +0 halberd!
You die...

#§ #§§§§§§ #§§
#§§§§§
§§§###§§§§#
§§§§§§§§§§# §
§§§§§§§§§§###§§
§§§§§§§§§o§§§§§
#§§§§§yo§§§§§§
#§§§§y@y@.§§§§
#§§§§§§o§§§§§§
§§§§§§§§§§§§§§§
§§§§§§§§§§##§§§
§§§§§§§§§§# §§
§§§###§§§§§ §
§§§ #§§§§§§ §§
#§§§§§§§
....... ..# #.


You could see Harold, an orc warrior, 3 killer bees, an orc wizard (invisible)
and an orc.

Vanquished Creatures
  Pikel (D:4)
  Joseph (D:7)
  A troll (D:8)
  Prince Ribbit (D:6)
  2 hornets
  A yak (D:9)
  Eustachio (D:4)
  A water moccasin (D:8)
  2 ice beasts (D:7)
  2 orc warriors
  A black bear (D:7)
  4 wolves
  An ogre (D:5)
  A centaur (D:5)
  2 lemures (D:4)
  A phantom (D:6)
  3 bullfrogs
  3 necrophages
  2 gnoll sergeants
  3 scorpions
  5 wights (D:3)
  A killer bee (D:8)
  A howler monkey (D:8)
  3 electric eels (D:8)
  2 centaur zombies (Ossuary)
  A human zombie (Ossuary)
  3 gnoll boudas
  8 hounds
  3 orc priests
  2 jellies
  An iguana (D:6)
  8 orc wizards
  5 mummies
  26 gnolls
  8 adders
  4 white imps
  An ufetubus (D:6)
  A worm (D:2)
  2 dart slugs (D:1)
  22 orcs
  9 endoplasms
  2 giant cockroaches
  6 goblins
  3 hobgoblins
  3 jackals (D:1)
  5 kobolds
  3 quokkas
  9 ball pythons
  3 bats
  3 frilled lizards
  2 goblin zombies (Ossuary)
  2 hobgoblin zombies (Ossuary)
  2 kobold zombies
  An orc zombie (D:7)
  3 rats
197 creatures vanquished.

Vanquished Creatures (others)
  An orc wizard (D:6)
1 creature vanquished.

Grand Total: 198 creatures vanquished

Notes
Turn   | Place    | Note
-------+----------+-------------------------------------------
     0 | D:1      | nickcage the Minotaur Gladiator began the quest for the
                  | Orb.
     0 | D:1      | Reached XP level 1. HP: 18/18 MP: 0/0
    53 | D:1      | Reached skill level 4 in Axes
   125 | D:1      | Reached XP level 2. HP: 25/25 MP: 1/1
  1020 | D:1      | Reached skill level 5 in Axes
  1086 | D:1      | Reached XP level 3. HP: 30/30 MP: 2/2
  1561 | D:2      | Reached skill level 6 in Axes
  1561 | D:2      | Reached XP level 4. HP: 37/37 MP: 3/3
  1649 | D:2      | Found an opulent altar of Gozag.
  1790 | D:2      | Found a faded altar of an unknown god.
  1971 | D:3      | Found a hide-covered altar of Uskayaw.
  2238 | D:3      | Found a burning altar of Makhleb.
  2256 | D:3      | Reached XP level 5. HP: 31/42 MP: 4/4
  2284 | D:3      | Reached skill level 7 in Axes
  2499 | D:3      | Became a worshipper of Makhleb the Destroyer
  2575 | D:3      | Found a glowing silver altar of Zin.
  2781 | D:3      | Reached skill level 8 in Axes
  2781 | D:3      | Reached XP level 6. HP: 7/50 MP: 5/5
  2792 | D:3      | HP: 1/50 [wight/+0 trident (8)]
  3282 | D:3      | Reached skill level 9 in Axes
  3447 | D:4      | Noticed Pikel
  3447 | D:4      | Noticed Eustachio
  3696 | D:4      | Found a staircase to the Ecumenical Temple.
  3748 | D:4      | Found an ornate altar of the Wu Jian Council.
  4026 | D:4      | Killed Eustachio
  4027 | D:4      | Reached XP level 7. HP: 28/56 MP: 6/6
  4334 | D:4      | Killed Pikel
  4335 | D:4      | Reached skill level 11 in Axes
  4335 | D:4      | Reached XP level 8. HP: 40/62 MP: 7/7
  4515 | D:4      | Found a radiant altar of Vehumet.
  4561 | D:5      | Entered Level 5 of the Dungeon
  5252 | D:5      | Reached skill level 12 in Axes
  5891 | D:5      | Reached * piety under Makhleb
  5977 | D:5      | Reached skill level 13 in Axes
  6220 | D:5      | HP: 3/62 [gnoll sergeant/+0 trident of protection (4)]
  7322 | D:6      | Reached skill level 14 in Axes
  7370 | D:6      | Found a snail-covered altar of Cheibriados.
  7440 | D:6      | You fall into a shaft and drop 2 floors!
  7477 | D:7      | Reached XP level 9. HP: 68/68 MP: 8/8
  7595 | D:7      | Reached ** piety under Makhleb
  7638 | D:7      | Found a sand-covered staircase.
  7645 | Ossuary  | Entered an ossuary
  7869 | Ossuary  | Reached skill level 15 in Axes
  8175 | D:7      | Noticed Joseph
  8190 | D:7      | Killed Joseph
  8520 | D:7      | Reached skill level 1 in Shields
  8755 | D:7      | Reached skill level 16 in Axes
  8776 | D:7      | Found a basalt altar of Yredelemnul.
  9105 | D:6      | Noticed Prince Ribbit
  9115 | D:6      | Killed Prince Ribbit
  9347 | D:6      | Found a sacrificial altar of Ru.
  9354 | D:6      | Found a stormy altar of Qazlal.
  9565 | D:7      | Found a glowing golden altar of the Shining One.
  9567 | D:7      | Noticed an angel
  9646 | D:8      | Noticed a troll
  9674 | D:7      | HP: 3/68 [wolf (7)]
  9686 | D:7      | HP: 2/68 [wolf (2)]
  9689 | D:7      | Reached XP level 10. HP: 11/74 MP: 9/9
 10012 | D:8      | Reached skill level 17 in Axes
 10035 | D:8      | Reached *** piety under Makhleb
 10036 | D:8      | Reached skill level 1 in Armour
 11282 | D:8      | Found a staircase to the Lair.
 11891 | D:8      | Found a sparkling altar of Nemelex Xobeh.
 11891 | D:8      | Found an opulent altar of Gozag.
 12357 | D:9      | Noticed Harold
 12363 | D:9      | Slain by an orc warrior

Illustrated notes

Levels and vault maps discovered:
D:1:      dpeg_arrival_central, layout_basic
D:2:      layout_loops_cross, basic_altar,
          dreamdust_ecumenical_altar_angels_and_demons
D:3:      layout_basic, mainiacjoe_overflow_concentric_impassable,
          zin_scriptorium, mainiacjoe_overflow_24_doors
D:4:      nicolae_cairo_tiling_very_big, layout_gridville, lemuel_doored_altar,
          kennysheep_little_box, chequers_serial_rivers_small_a,
          grunt_decor_cap, uniq_pikel, uniq_eustachio
D:5:      layout_gridville, chequers_hall_statues_y,
          nicolae_elevator_lobby_asterisk
D:6:      layout_gridville, mainiacjoe_overflow_paths,
          amethyst_overflow_temple_binary, uniq_prince_ribbit1
D:7:      layout_gridville, grunt_temple_overflow_holy_war,
          nicolae_ossuary_entry_giza, uniq_joseph
D:8:      layout_basic, grunt_temple_overflow_opulence, erik_lair_island
D:9:      layout_big_octagon, general_overflow_altar, hiddenorc2_lemuel,
          serial_column_ruins, column_ruins_hut, column_ruins_grid_1,
          column_ruins_grid_3, column_ruins_grid_1, column_ruins_open_tiny,
          column_ruins_open_small, hangedman_abyss_or_decor_lesser_grid,
          uniq_harold

Skill      XL: |  1  2  3  4  5  6  7  8  9 10 |
---------------+-------------------------------+-----
Axes           | 4 5 6 8 9 11 14 16 17 | 17.6
Shields        | 1 2 |  2.1
Armour         | 3 |  3.4
Fighting       | 3 |  3.6
Throwing       | |  2.0
Dodging        | |  3.2

Action                   |  1- 3 |  4- 6 |  7- 9 | 10-12 || total
-------------------------+-------+-------+-------+-------++-------
Melee: War axe           |    74 |    82 |       |       ||   156
       Headbutt          |     6 |    10 |    56 |     7 ||    79
       Punch             |     1 |       |       |       ||     1
       Battleaxe         |       |    29 |    54 |       ||    83
       Broad axe         |       |       |   211 |    71 ||   282
Throw: Dart              |       |       |     4 |    12 ||    16
       Boomerang         |       |       |     8 |       ||     8
       Javelin           |       |       |     1 |       ||     1
       Throwing net      |       |       |     1 |       ||     1
  Use: Scroll            |       |       |    16 |     5 ||    21
       Potion            |       |       |     2 |     1 ||     3
Armor: Leather armour    |    16 |       |       |       ||    16
       Chain mail        |     3 |    70 |   116 |    47 ||   236
Dodge: Dodged            |    39 |    43 |   108 |    34 ||   224
Block: Buckler           |       |       |    22 |    11 ||    33
